 Dungeon Crawl Stone Soup version 0.28.0-47-ge53b351184 (webtiles) character file.

Game seed: 7908559798898208106

395 firemarshallily the Sneak (level 6, -3/52 HPs)
             Began as a Demonspawn Delver on Apr 25, 2022.
             Was a Follower of Trog.
             Slain by an ogre
             ... wielding a +0 giant club
              (19 damage)
             ... on level 4 of the Dungeon.
             The game lasted 00:17:44 (4096 turns).

firemarshallily the Sneak (Demonspawn Delver)       Turns: 4096, Time: 00:17:44

Health: -3/52      AC: 10    Str: 14    XL:     6   Next: 52%
Magic:  5/5        EV: 12    Int: 12    God:    Trog [*.....]
Gold:   92         SH:  0    Dex: 14    Spells: 5/5 levels left

rFire   . . .      SeeInvis .   a - +0 hand axe
rCold   . . .      Faith    .   (no shield)
rNeg    . . .      Spirit   .   b - +0 leather armour
rPois   .          Reflect  .   (helmet restricted)
rElec   .          Harm     .   v - +0 cloak
rCorr   .          Rampage  .   (no gloves)
Will    .....                   (no boots)
Stlth   +++.......              (no amulet)
HPRegen 0.17/turn               (no ring)
MPRegen 0.18/turn               (no ring)

@: sanguine armoured
A: antennae 1, powered by death 1, magic regeneration, sanguine armour 1, low MP
1, robust 1
a: Renounce Religion, Berserk


You were on level 4 of the Dungeon.
You worshipped Trog.
Trog was aware of your devotion.
You visited 1 branch of the dungeon, and saw 5 of its levels.

You collected 92 gold pieces.

Inventory:

Hand Weapons
 a - a +0 hand axe (weapon)
Missiles
 f - 56 stones (quivered)
 p - 4 poisoned darts
Armour
 b - a +0 leather armour (worn)
 m - a +0 chain mail
 v - a +0 cloak (worn)
Wands
 g - a wand of digging (3)
 s - a wand of flame (3)
Scrolls
 c - a scroll of fog
 d - 2 scrolls of magic mapping
 e - a scroll of fear
 i - a scroll of identify
 j - a scroll of summoning
 n - 2 scrolls of noise {unknown}
 o - a scroll of blinking
 q - a scroll of enchant weapon {unknown}
 u - a scroll of teleportation {unknown}
Potions
 h - a potion of heal wounds
 k - a potion of resistance
 l - a potion of invisibility
 t - a potion of attraction {unknown}


   Skills:
 + Level 4.2 Fighting
 * Level 4.2 Axes
 * Level 3.4 Armour
 - Level 2.0 Dodging
 - Level 4.6 Stealth


You had 5 spell levels left.
You didn't know any spells.
Your spell library contained the following spells:

 Spells                   Type           Power      Damage    Failure   Level
 Tukima's Dance           Hex            0%         N/A       77%         3
 Anguish                  Hex/Necr       0%         N/A       99%         4
 Enfeeble                 Hex            0%         N/A       100%        7


Dungeon Overview and Level Annotations

Branches:
Dungeon (5/15)
 Temple: D:4-7

Altars:
Trog

Annotations:
D:3 1 runed translucent door, Grinder; Malificent's ghost, amateur DsTm


Innate Abilities, Weirdness & Mutations

You have a pair of small antennae on your head.
You regenerate a little health from kills.
You regenerate magic rapidly.
When seriously injured, your blood forms armour. (AC +6)
Your magical capacity is low. (-10% MP)
You are robust. (+10% HP)


Message History

Throw: 58 stones
Press: ? - help, Q - select action, (/) - cycle Shift-Dir - straight line, f/p - ogre
Aim: an ogre, wielding a +0 giant club (lightly wounded, poisoned, 75% to hit)
You throw a stone. The stone barely misses the ogre.
Throw: 57 stones
Press: ? - help, Q - select action, (/) - cycle Shift-Dir - straight line, f/p - ogre
Aim: an ogre, wielding a +0 giant club (lightly wounded, poisoned, 75% to hit)
You throw a stone. The stone hits the ogre.
The ogre is lightly wounded.
You hit the ogre.
The ogre is moderately wounded.
The ogre looks more healthy.
A bullfrog skeleton comes into view.
The ogre barely misses you.
You hit the ogre but do no damage.
The ogre is moderately wounded.
The ogre misses you.
You hit the ogre but do no damage.
The ogre is moderately wounded.
The bullfrog skeleton hits you but does no damage.
You barely miss the ogre.
The ogre is moderately wounded.
You hit the bullfrog skeleton. The ogre hits you with a +0 giant club!
The bullfrog skeleton hits you but does no damage.
You hit the ogre. You punch the ogre.
The ogre is severely wounded.
You barely miss the bullfrog skeleton.
The bullfrog skeleton hits you but does no damage.
The ogre closely misses you. The bullfrog skeleton hits you.
You barely miss the ogre.
The ogre is severely wounded.
You hit the bullfrog skeleton. The bullfrog skeleton hits you.
The ogre hits you with a +0 giant club!!
Your blood congeals into armour.
You barely miss the ogre.
The ogre is severely wounded.
You hit the bullfrog skeleton.
The bullfrog skeleton hits you but does no damage.
The ogre hits you with a +0 giant club!!
You die...

##.########
#..........
#..########
#..########...
#.............
#.###.#.###.##
#.##........((
#.....Z....(#
####..@O(####
##.#..# #.#..#
#....# ###..#
.. #..# .#
#..# .# #..#
##.### #..
.....#


You could see an ogre and a bullfrog skeleton.

Vanquished Creatures
  2 ice beasts (D:3)
  Ijyb (D:3)
  Jessica (D:3)
  Terence (D:3)
  Robin (D:2)
  A howler monkey skeleton (D:4)
  4 adders
  A worm (D:3)
  A dart slug (D:5)
  An orc (D:3)
  5 ball pythons (D:1)
  3 bats (D:1)
  5 endoplasms
  A giant cockroach (D:1)
  14 goblins
  6 hobgoblins
  4 jackals (D:3)
  3 quokkas
  2 frilled lizards
  8 kobolds
  4 rats
69 creatures vanquished.

Vanquished Creatures (others)
  2 plants (D:2)
2 creatures vanquished.

Grand Total: 71 creatures vanquished

Notes
Turn   | Place    | Note
-------+----------+-------------------------------------------
     0 | D:5      | firemarshallily the Demonspawn Delver began the quest for
                  | the Orb.
     0 | D:5      | Reached XP level 1. HP: 18/18 MP: 1/1
    19 | D:5      | Noticed a bullfrog
    26 | D:5      | Noticed an iguana
    26 | D:5      | Noticed a water moccasin
    74 | D:3      | Noticed Ijyb
   111 | D:3      | Gained mutation: You regenerate magic rapidly. [demonic
                  | ancestry]
   111 | D:3      | Reached XP level 2. HP: 14/24 MP: 2/2
   576 | D:2      | Gained mutation: When seriously injured, your blood forms
                  | armour. (AC +6) [demonic ancestry]
   576 | D:2      | Reached XP level 3. HP: 29/29 MP: 3/3
   731 | D:1      | Reached skill level 1 in Armour
  1834 | D:2      | Found a faded altar of an unknown god.
  1839 | D:2      | Prayed at the altar of an unknown god.
  1839 | D:2      | Became a worshipper of Trog the Wrathful
  1839 | D:2      | Reached * piety under Trog
  1842 | D:2      | Noticed Robin
  1856 | D:2      | Gained mutation: You regenerate a little health from kills.
                  | [demonic ancestry]
  1856 | D:2      | Reached XP level 4. HP: 19/35 MP: 4/4
  1889 | D:2      | Killed Robin
  1900 | D:2      | Gained mutation: Your magical capacity is low. (-10% MP)
                  | [potion of mutation]
  1900 | D:2      | Gained mutation: You are robust. (+10% HP) [potion of
                  | mutation]
  2227 | D:3      | Killed Ijyb
  2587 | D:3      | Noticed Terence
  2596 | D:3      | Killed Terence
  2597 | D:3      | Reached XP level 5. HP: 46/46 MP: 4/4
  2892 | D:3      | Noticed Jessica
  2894 | D:3      | Noticed an ice beast
  2919 | D:3      | Killed an ice beast
  2919 | D:3      | Killed Jessica
  3061 | D:3      | Found a runed translucent door.
  3067 | D:3      | Noticed Malificent's ghost (amateur DsTm)
  3098 | D:3      | Gained mutation: You have a pair of small antennae on your
                  | head. [demonic ancestry]
  3098 | D:3      | Reached XP level 6. HP: 42/52 MP: 5/5
  3201 | D:3      | Noticed an ice beast
  3220 | D:3      | Killed an ice beast
  3581 | D:3      | Noticed Grinder
  3602 | D:3      | Paralysed by Grinder for 6 turns
  3616 | D:3      | Paralysed by Grinder for 2 turns
  4096 | D:4      | Slain by an ogre

Illustrated notes

Levels and vault maps discovered:
D:1:      onia_arrival_handbag, layout_loops_ring
D:2:      layout_basic, shapermc_ecumenical_altar_mp_urbaneastern, uniq_robin
D:3:      layout_loops_ring, hellmonk_ghost_happy_afterlife, uniq_terence,
          uniq_jessica, uniq_ijyb, uniq_grinder
D:4:      layout_loops_ring, serial_shops, nicolae_shop_advertising_works
          [nicolae_subvault_shop_adworks], kennysheep_generic_room_13
D:5:      layout_loops_corners, mainiacjoe_overflow_chevrons, serial_shops,
          shop_coins

Skill      XL: |  1  2  3  4  5  6 |
---------------+-------------------+-----
Axes           | 2 3 4 |  4.2
Dodging        | 2 |  2.0
Armour         | 1 2 3 |  3.4
Fighting       | 4 |  4.2
Stealth        | |  4.6

Action                   |  1- 3 |  4- 6 || total
-------------------------+-------+-------++-------
Melee: Hand axe          |   139 |   144 ||   283
       Punch             |     2 |     1 ||     3
Throw: Stone             |     6 |    26 ||    32
       Dart              |       |     1 ||     1
Invok: Berserk           |       |     2 ||     2
Evoke: Wand              |       |     8 ||     8
  Use: Potion            |     1 |     3 ||     4
       Scroll            |       |     5 ||     5
 Stab: Sleeping          |    10 |     1 ||    11
Armor: Leather armour    |    34 |    45 ||    79
Dodge: Dodged            |    94 |    66 ||   160
